 Dungeon Crawl Stone Soup version 0.32-a0-673-g3729bd50f8 (webtiles) character file.

Game seed: 734583244821554619

67 dolemite99 the Changeling (level 4, -9/32 HPs)
             Began as a Merfolk Shapeshifter on Mar 11, 2024.
             Splashed by a jelly's acid (10 damage)
             ... on level 3 of the Dungeon.
             The game lasted 00:01:22 (2791 turns).

dolemite99 the Changeling (Merfolk Shapeshifter)    Turns: 2791, Time: 00:01:22

Health: -9/32      AC:  4    Str: 16    XL:     4   Next: 18%
Magic:  4/4        EV:  8    Int:  9    God:
Gold:   118        SH:  0    Dex: 13    Spells: 3/3 levels left

rFire   . .          .
                       - Unarmed
rCold   . . .        (no shield)
rNeg    . . .        g - +0 chain mail
rPois   .            (helmet currently unavailable)
rElec   .            (cloak currently unavailable)
rCorr   .            (gloves currently unavailable)
SInv    .            (boots currently unavailable)
Will    .....        (no amulet) Stlth
                     (no ring)
HPRegen 0.25/turn    (no ring)
MPRegen 0.09/turn

%: no passive effects
@: beast-form, corroded
A: beast (slay +3), (nimble swimmer 2), mertail
a: Begin Untransformation


You were on level 3 of the Dungeon.
You were a hulking beast.
You visited 1 branch of the dungeon, and saw 3 of its levels.

You collected 118 gold pieces.

Inventory:

Armour
 a - a +0 animal skin
 g - a +0 chain mail (worn)
Jewellery
 e - an amulet of faith
 i - a ring of positive energy
 j - a ring of poison resistance
Talismans
 c - a beast talisman (active)
 d - a flux talisman
Scrolls
 k - a scroll of teleportation {unknown}
 l - a scroll of fog {unknown}
Potions
 b - 2 potions of lignification
 f - a potion of magic {unknown}
 h - 3 potions of brilliance {unknown}


   Skills:
 - Level 1.1 Fighting
 - Level 2.6 Dodging
 - Level 3.2 Unarmed Combat
 + Level 6.2 Shapeshifting


You had 3 spell levels left.
You didn't know any spells.
Your spell library contained the following spells:

 Spells                   Type           Power      Damage    Failure   Level
 Malign Gateway           Summ/Tloc      0%         N/A       100%        7
 Summon Horrible Things   Summ           0%         N/A       100%        8


Dungeon Overview and Level Annotations

Branches:
Dungeon (3/15)

Altars:
Xom


Innate Abilities, Weirdness & Mutations

You are a hulking beast.
Your limbs bulge with bestial killing power. (Slay +3)
((You are very nimble when in or above water. (Stealth+, EV+, Speed+++)))
Your lower body shifts to a powerful aquatic tail in water.


Message History

You now have 103 gold pieces (gained 13).
The kobold barely misses you.
You closely miss the kobold. You barely miss the kobold.
The kobold hits you but does no damage.
You hit the kobold.
You kill the kobold!
You hit the hobgoblin.
You kill the hobgoblin!
You now have 110 gold pieces (gained 7).
You see here a +0 short sword.
No target in view!
You start waiting.
k - a scroll labelled NASOAN YDETA No target in view!
l - a scroll labelled EGUCIPN NANA No target in view!
You now have 118 gold pieces (gained 8).
You feel as though Xom is toying with you.
Suddenly, the walls become transparent!
The jelly quivers.
You open the door.
A jelly comes into view.
The jelly quivers.
You hit the jelly.
Your hands burn!
The jelly is lightly wounded.
The jelly hits you but does no damage.
You hit the jelly.
Your hands burn!
The jelly is moderately wounded.
The jelly hits you. The acid corrodes you!
You are splashed with acid!
You hit the jelly but do no damage.
Your hands burn!
The jelly is moderately wounded.
The jelly hits you.
You are splashed with acid!
* * * LOW HITPOINT WARNING * * *
You hit the jelly.
Your hands burn!
* * * LOW HITPOINT WARNING * * *
The jelly is heavily wounded.
The jelly hits you.
* * * LOW HITPOINT WARNING * * *
You are splashed with acid!
You die...

#################
#................
#.##############.
#.# ## ##.########
# #.........# #
#.........# #
#h........# #
##J##+##+## # .#
J# #### ###
#+##+##+#..# #..
##.......#..####.#
##..._...#...†...#
##.....##...##..#
##### #..)##...
#..####...#...#


You could see a jelly.

Vanquished Creatures
  2 adders (D:2)
  A ribbon worm (D:2)
  5 endoplasms
  2 giant cockroaches
  5 hobgoblins
  A jackal (D:2)
  3 quokkas (D:1)
  7 ball pythons
  2 bats (D:2)
  A frilled lizard (D:1)
  5 goblins (D:1)
  2 kobolds
  7 rats
43 creatures vanquished.

Notes
Turn   | Place    | Note
-------+----------+-------------------------------------------
     0 | D:1      | dolemite99 the Merfolk Shapeshifter began the quest for the
                  | Orb.
     0 | D:1      | Reached XP level 1. HP: 15/15 MP: 1/1
   420 | D:1      | Reached XP level 2. HP: 17/21 MP: 2/2
   710 | D:1      | Reached skill level 5 in Shapeshifting
   811 | D:1      | Reached XP level 3. HP: 26/26 MP: 3/3
  1907 | D:2      | Reached skill level 6 in Shapeshifting
  1907 | D:2      | Reached XP level 4. HP: 27/32 MP: 4/4
  2617 | D:3      | Found a shimmering altar of Xom.
  2791 | D:3      | HP: 1/32 [acid (1)]
  2791 | D:3      | Splashed by a jelly's acid

Illustrated notes

Levels and vault maps discovered:
D:1:      nzn_arrival_settlement, layout_loops_cross
D:2:      layout_loops_ring, kennysheep_small_spiral, kennysheep_flooded_box,
          minmay_tetromino_s2
D:3:      layout_loops_ring, dk_xom_monty_hall, fedhas_altar_2

Skill      XL: |  1  2  3 |
---------------+----------+-----
Shapeshifting  | 5 6 |  6.2
Fighting       | |  1.1
Dodging        | |  2.6
Unarmed Combat | |  3.2

Action                     |  1- 3 |  4- 6 || total
---------------------------+-------+-------++-------
  Melee: Unarmed           |    80 |    23 ||   103
    Use: Scroll            |     2 |       ||     2
   Stab: Sleeping          |     1 |       ||     1
 Armour: Animal skin       |    38 |       ||    38
         Chain mail        |     6 |    22 ||    28
  Dodge: Dodged            |    54 |     9 ||    63

Table legend: (Time is in decaauts)
 A = Elapsed time spent in this place.
 B = Non-inter-level travel time spent in this place.
 C = Inter-level travel time spent in this place.
 D = Time resting spent in this place.
 E = Time spent auto-exploring this place.
 F = Levels seen in this place.
 G = Mean time per level.
                   A        B        C        D        E       F      G
               +--------+--------+--------+--------+--------+-----+--------+
         Total |   2783 |   2700 |     83 |   1160 |   1223 |   3 |  927.7 |
       Dungeon |   2783 |   2700 |     83 |   1160 |   1223 |   3 |  927.7 |
               +--------+--------+--------+--------+--------+-----+--------+

Top non-repeatable levels by time:
     D:2: 1531 daAuts
     D:1: 1075 daAuts
     D:3: 177 daAuts
